 Dungeon Crawl Stone Soup version 0.19-a0-1498-g0b85ae9 (console) character file.

42 vible the Charmwright (level 3, 0/24 HPs)
             Began as a High Elf Skald on Sept 10, 2016.
             Slain by a kobold (2 damage)
             ... on level 2 of the Dungeon.
             The game lasted 00:05:50 (1533 turns).

vible the Charmwright (High Elf Skald)              Turns: 1533, Time: 00:05:51

Health: 0/24       AC:  3    Str: 11    XL:     3   Next: 33%
Magic:  5/8        EV: 11    Int: 15    God:
Gold:   47         SH:  0    Dex: 16    Spells: 3 memorised, 1 level left

rFire  . . .     SeeInvis .     a - +0 falchion
rCold  . . .     Gourm    .     b - +0 leather armour
rNeg   . . .     Faith    .     (no shield)
rPois  .         Spirit   .     (no helmet)
rElec  .         Dismiss  .     (no cloak)
rCorr  .         Reflect  .     (no gloves)
MR     .....     Harm     .     (no boots)
Stlth  +......... Rnd*Tele +    (no amulet)
                                (no ring)
                                t - ring of teleportation (curse)

@: very slightly contaminated
A: no striking features
a: no special abilities


You were on level 2 of the Dungeon.
You were hungry.

You visited 1 branch of the dungeon, and saw 2 of its levels.

You collected 47 gold pieces.


   Skills:
 - Level 2.0 Fighting
 * Level 3.7 Long Blades
 - Level 0.8 Armour
 - Level 1.1 Dodging
 + Level 2.9 Spellcasting
 + Level 0.2 Hexes
 + Level 4.1 Charms


You had one spell level left.
You knew the following spells:

 Your Spells              Type           Power        Failure   Level  Hunger
o - Infusion              Chrm           ##..         6%          1    #......
u - Shroud of Golubria    Chrm/Tloc      #.........   21%         2    ##.....
w - Spectral Weapon       Hex/Chrm       #.......     38%         3    ###....

Inventory:

Hand Weapons
 a - a +0 falchion (weapon)
Armour
 b - a +0 leather armour (worn)
Jewellery
 t - a cursed ring of teleportation (left hand)
Scrolls
 e - a scroll of identify {unknown}
 g - a scroll of blinking {unknown}
Potions
 f - a potion of brilliance {unknown}
 h - a potion of flight {unknown}
 i - a potion of lignification {unknown}
 j - a potion of mutation {unknown}
Books
 c - a book of Battle

   Spells                             Type                      Level
   a - Infusion                       Charms                       1
   b - Shroud of Golubria             Charms/Translocation         2
   c - Song of Slaying                Charms                       2
   d - Spectral Weapon                Hexes/Charms                 3
   e - Regeneration                   Charms/Necromancy            3
Comestibles
 d - a bread ration {@e1}
 k - 4 chunks of flesh

...... ..... .
.... #.. ....
#..# ######.. . .
#...#..#...# .#
..
##.#.#''#{#.###.#
..#
..........@.....#
.#
#.......?#...##
....#...(.##...#
##......)......#
........(......#
##.#.##.#.†....#
.. #. #.#()....#
# # #.#.(....#
........(...#


There were no monsters in sight!


Message History

You barely miss something. Something hits you but does no damage.
You hit something but do no damage. Something hits you but does no damage.
You barely miss something. Something hits you but does no damage.
You closely miss something. Something hits you but does no damage.
You hit something but do no damage. Something hits you but does no damage.
You closely miss something. Something hits you but does no damage.
You miss something. Something hits you but does no damage.
You closely miss something. Something hits you but does no damage.
Something hits you.
You closely miss something. Something hits you.
You hit something but do no damage. Something hits you.
You closely miss something. Something hits you.
You barely miss something. Something hits you.
You miss something. Something hits you but does no damage.
You closely miss something. Something hits you but does no damage.
You hit something but do no damage. Something hits you but does no damage.
You miss something. Something hits you. Something hits you but does no damage.
You hit something. Something hits you.
You miss something. Something hits you but does no damage.
You miss something. Something hits you.
* * * LOW HITPOINT WARNING * * *
You barely miss something. Something hits you.
* * * LOW HITPOINT WARNING * * *
You hit something but do no damage. Something hits you but does no damage.
You hit something but do no damage. Something barely misses you.
You barely miss something. Something hits you but does no damage.
You miss something. Something hits you.
* * * LOW HITPOINT WARNING * * *
Something hits you.
You die...

Action                   || total
-------------------------++-------
Melee: Falchion          ||   131
 Cast: Infusion          ||     3
       Shroud of Golubri ||     5
       Spectral Weapon   ||     1
  Eat: Chunk             ||     2
Armor: Leather armour    ||    35
Dodge: Dodged            ||    60

Vault maps used:
D:1:      minmay_arrival_cross
D:2:      nicolae_overflow_crystal_walls, serial_bayou_pond_e, minmay_mini_jars,
          uniq_terence, uniq_sigmund, uniq_iyjb

Notes
Turn   | Place    | Note
-------+----------+-------------------------------------------
     0 | D:1      | vible the High Elf Skald began the quest for the Orb.
     0 | D:1      | Reached XP level 1. HP: 14/14 MP: 4/4
   352 | D:1      | Reached XP level 2. HP: 19/19 MP: 3/6
   359 | D:1      | Learned a level 2 spell: Shroud of Golubria
   428 | D:1      | Reached skill level 4 in Charms
   544 | D:1      | Reached skill level 3 in Long Blades
  1183 | D:2      | Reached XP level 3. HP: 8/24 MP: 1/8
  1464 | D:2      | Learned a level 3 spell: Spectral Weapon
  1533 | D:2      | HP: 2/24 [something (2)]
  1533 | D:2      | Slain by a kobold

Vanquished Creatures
  An adder (D:2)
  A dart slug (D:2)
  3 giant geckos (D:1)
  3 bats
  2 giant cockroaches (D:2)
  4 goblins
  3 hobgoblins (D:2)
  A jackal (D:1)
  3 giant newts (D:1)
  2 kobolds
  5 rats (D:1)
28 creatures vanquished.
